 Dungeon Crawl Stone Soup version 0.30-a0-777-ga9a30cbeda (webtiles) character file.

Game seed: 11301108470829602399

942 Hubris850 the Destroyer (level 8, -1/41 HPs)
             Began as a Tengu Conjurer on Feb 13, 2023.
             Was a Follower of Vehumet.
             Slain by a centaur (2 damage)
             ... on level 5 of the Dungeon.
             The game lasted 00:09:39 (4281 turns).

Hubris850 the Destroyer (Tengu Conjurer)            Turns: 4281, Time: 00:09:39

Health: -1/41      AC:  2    Str:  8    XL:     8   Next: 12%
Magic:  11/16      EV: 15    Int: 21    God:    Vehumet [*.....]
Gold:   208        SH:  5    Dex: 12    Spells: 13/17 levels left

rFire   . . .      SeeInvis .    h - +4 club (spect)
rCold   . . .      Faith    .    (no shield)
rNeg    . . .      Spirit   .    a - +0 robe
rPois   .          Reflect  +    (helmet restricted)
rElec   .          Harm     .    (no cloak)
rCorr   .          Rampage  .    (no gloves)
Will    .....                    (boots unavailable)
Stlth   ++                       k - amulet of reflection
HPRegen 0.26/turn                (no ring)
MPRegen 0.15/turn                (no ring)

@: flying quickly and evasively, quick
A: beak, talons 3, nimble flight
a: Renounce Religion


You were on level 5 of the Dungeon.
You worshipped Vehumet.
Vehumet was aware of your devotion.
You visited 2 branches of the dungeon, and saw 6 of its levels.

You collected 208 gold pieces.

Inventory:

Hand Weapons
 d - a +0 dagger
 e - a +2 short sword of speed
 h - a +4 spectral club (weapon)
 w - a +1 falchion of flaming
Armour
 a - a +0 robe (worn)
 p - a +1 ring mail of poison resistance
Magical Staves
 i - a staff of fire
Jewellery
 k - an amulet of reflection (around neck)
Wands
 o - a wand of flame (8)
 v - a wand of digging (5)
 y - a wand of charming (13)
Scrolls
 f - a scroll of poison {unknown}
 g - 2 scrolls of silence
 l - 2 scrolls of teleportation {unknown}
 n - 2 scrolls of fog {unknown}
 s - a scroll of fear {unknown}
 t - a scroll of enchant weapon {unknown}
 u - a scroll of brand weapon {unknown}
 z - a scroll of blinking {unknown}
Potions
 b - a potion of magic
 c - 4 potions of brilliance
 j - a potion of might {unknown}
 m - a potion of curing {unknown}
 q - a potion of cancellation {unknown}
 r - 2 potions of heal wounds {unknown}
 x - 2 potions of lignification


   Skills:
 - Level 3.5 Dodging
 - Level 3.0 Stealth
 + Level 5.2 Spellcasting
 + Level 9.2 Conjurations
 + Level 3.4 Summonings


You had 13 spell levels left.
You knew the following spells:

 Your Spells              Type           Power      Damage    Failure   Level
a - Magic Dart            Conj           100%       1d8       1%          1
b - Searing Ray           Conj           88%        2d7       1%          2
c - Summon Small Mammal   Summ           76%        N/A       2%          1

Your spell library contained the following spells:

 Spells                   Type           Power      Damage    Failure   Level
 Shock                    Conj/Air       96%        1d9       1%          1
 Dazzling Flash           Conj/Hex       48%        N/A       4%          3
 Call Canine Familiar     Summ           19%        N/A       8%          3
 Summon Guardian Golem    Hex/Summ       12%        N/A       16%         3
 Fulminant Prism          Conj/Hex       12%        3d8       16%         4
 Iskenderun's Mystic Bla  Conj/Tloc      24%        2d7       16%         4


Dungeon Overview and Level Annotations

Branches:
Dungeon (5/15)             Temple (1/1) D:5

Altars:
Vehumet


Innate Abilities, Weirdness & Mutations

You have a beak for a mouth.
You have claws for feet.
Your magical nature lets you fly swiftly and evasively.


Message History

You block the centaur's attack. x2
Things that are here:
a +0 club; a +0 robe; a gnoll corpse You closely miss the gnoll.
You claw the gnoll.
The gnoll is heavily wounded.
Your +4 spectral club hits the gnoll!
You kill the gnoll!
Vehumet accepts your kill. The gnoll hits you with a +0 club.
You block the centaur's attack. The centaur kicks you.
The gnoll closely misses you. The centaur barely misses you.
The centaur kicks you but does no damage.
You hit the centaur.
The centaur is lightly wounded.
Your +4 spectral club hits the centaur.
Your attacks no longer feel as feeble.
The centaur completely misses you.
The centaur kicks you but does no damage.
The gnoll misses you. The centaur closely misses you. x2
You closely miss the centaur.
The centaur is moderately wounded.
Your +4 spectral club hits the centaur.
The centaur hits you.
* * * LOW HITPOINT WARNING * * *
The centaur kicks you but does no damage.
The gnoll hits you with a +0 club!
* * * LOW HITPOINT WARNING * * *
The centaur closely misses you. x2
You hit the centaur. Your kick misses the centaur. You peck the centaur.
The centaur is heavily wounded.
Your +4 spectral club hits the centaur.
The gnoll closely misses you. The centaur barely misses you.
The centaur closely misses you. The gnoll closely misses you.
The centaur closely misses you. The centaur misses you.
You hit the centaur but do no damage. Your kick misses the centaur.
The centaur is severely wounded.
Your +4 spectral club closely misses the centaur.
The centaur hits you.
* * * LOW HITPOINT WARNING * * *
The centaur kicks you.
You die...

#....# .#
####....# ..
#..~§§..# ###.
#.~~~§~.#####..
#§§~~§~~...##.#
#~§§>§§~##)##.#
#~§§~§~~##....#
#.~~§§~.#####.#
#..§~~..# #.@#
##...####
#g)c(# ###..##
..........
#...##
#.......##)..
##.###
#.>....... ..
##..#
####.#.....
#..## #.#.#.!..
#.## .........
#.#


You could see a centaur, a gnoll (swift) and a friendly +4 spectral club
(summoned).

Vanquished Creatures
  Sigmund (D:2)
  Menkaure (D:4)
  A black bear (D:5)
  An ogre (D:4)
  A scorpion (D:5)
  Blork the orc (D:5)
  An orc priest (D:4)
  A gnoll bouda (D:5)
  A jelly (D:3)
  Terence (D:2)
  An orc wizard (D:4)
  Robin (D:3)
  7 adders
  4 gnolls
  2 worms
  3 dart slugs
  3 orcs (D:4)
  8 bats
  8 endoplasms
  4 giant cockroaches
  24 goblins
  8 hobgoblins
  A jackal (D:1)
  A quokka (D:1)
  6 ball pythons
  3 frilled lizards
  4 kobolds
  8 rats
106 creatures vanquished.

Notes
Turn   | Place    | Note
-------+----------+-------------------------------------------
     0 | D:1      | Hubris850 the Tengu Conjurer began the quest for the Orb.
     0 | D:1      | Reached XP level 1. HP: 10/10 MP: 4/4
   280 | D:1      | Reached XP level 2. HP: 15/15 MP: 4/6
   558 | D:1      | Reached XP level 3. HP: 19/19 MP: 5/7
   737 | D:1      | You fall into a shaft and drop 1 floor!
   837 | D:2      | Learned a level 2 spell: Searing Ray
  1155 | D:1      | Reached XP level 4. HP: 24/24 MP: 6/8
  1610 | D:2      | Found a radiant altar of Vehumet.
  1633 | D:2      | Became a worshipper of Vehumet
  1646 | D:2      | Noticed Terence
  1658 | D:2      | Killed Terence
  1659 | D:2      | Reached skill level 6 in Conjurations
  1993 | D:2      | Noticed Sigmund
  2015 | D:2      | Killed Sigmund
  2016 | D:2      | Reached skill level 7 in Conjurations
  2016 | D:2      | Gained mutation: Your magical nature lets you fly swiftly
                  | and evasively. [Tengu growth]
  2016 | D:2      | Reached XP level 5. HP: 28/28 MP: 8/11
  2016 | D:2      | Reached XP level 6. HP: 32/32 MP: 8/12
  2048 | D:2      | Learned a level 1 spell: Summon Small Mammal
  2769 | D:3      | Noticed Robin
  2953 | D:3      | Reached * piety under Vehumet
  2953 | D:3      | Offered knowledge of Shock by Vehumet.
  2972 | D:3      | Killed Robin
  3394 | D:4      | Noticed Menkaure
  3401 | D:4      | Killed Menkaure
  3402 | D:4      | Reached skill level 8 in Conjurations
  3402 | D:4      | Reached XP level 7. HP: 36/36 MP: 12/14
  3509 | D:4      | Reached skill level 1 in Summonings
  3964 | D:5      | Entered Level 5 of the Dungeon
  4068 | D:5      | Found a staircase to the Ecumenical Temple.
  4087 | D:5      | Reached skill level 5 in Spellcasting
  4097 | D:5      | Reached skill level 9 in Conjurations
  4098 | D:5      | Noticed Blork the orc
  4114 | D:5      | Reached XP level 8. HP: 29/41 MP: 13/16
  4120 | D:5      | Killed Blork the orc
  4127 | Temple   | Entered the Ecumenical Temple
  4281 | D:5      | HP: 1/41 [centaur (3)]
  4281 | D:5      | Slain by a centaur

Illustrated notes

Levels and vault maps discovered:
D:1:      dpeg_cavernosity, layout_basic, nrook_mini_vaults, minivault_25,
          corexii_hall_statues_u, st_stairs_9, minmay_tromino_v4_a
D:2:      layout_rooms, basic_altar, hangedman_glass_teeth, uniq_terence,
          uniq_sigmund
D:3:      layout_basic, roderic_roman_lattice, uniq_robin
D:4:      layout_gridville, minmay_statues_item, uniq_menkaure
D:5:      layout_rooms, minmay_temple_entry_mist, doesnt_shop_hydraphobe,
          uniq_blork_the_orc
Temple:   minmay_temple_forest_path

Skill      XL: |  1  2  3  4  5  6  7 |
---------------+----------------------+-----
Dodging        | 3 |  3.5
Stealth        | 3 |  3.0
Conjurations   | 7 8 9 |  9.2
Spellcasting   | 3 4 5 |  5.2
Summonings     | 3 |  3.4

Action                     |  1- 3 |  4- 6 |  7- 9 || total
---------------------------+-------+-------+-------++-------
  Melee: Short sword       |     7 |    32 |       ||    39
         Peck              |     1 |     8 |     8 ||    17
         Kick              |     1 |     7 |    10 ||    18
         Club              |       |    10 |    32 ||    42
         Punch             |       |     1 |       ||     1
   Cast: Magic Dart        |    45 |    94 |    47 ||   186
         Searing Ray       |       |       |     1 ||     1
    Use: Scroll            |     4 |       |       ||     4
         Potion            |       |     3 |       ||     3
   Stab: Sleeping          |       |     2 |       ||     2
 Armour: Robe              |     2 |       |     5 ||     7
         Skin              |       |     3 |       ||     3
  Dodge: Dodged            |     2 |    17 |    34 ||    53
  Block: Other             |       |    11 |     8 ||    19
         Reflection        |       |     1 |       ||     1

Table legend: (Time is in decaauts)
 A = Elapsed time spent in this place.
 B = Non-inter-level travel time spent in this place.
 C = Inter-level travel time spent in this place.
 D = Time resting spent in this place.
 E = Time spent auto-exploring this place.
 F = Levels seen in this place.
 G = Mean time per level.
                   A        B        C        D        E       F      G
               +--------+--------+--------+--------+--------+-----+--------+
         Total |   4168 |   4049 |    119 |    506 |   2975 |   6 |  694.7 |
       Dungeon |   4039 |   3920 |    119 |    379 |   2975 |   5 |  807.8 |
        Temple |    128 |    128 |      0 |    127 |      0 |   1 |  128.0 |
               +--------+--------+--------+--------+--------+-----+--------+

Top non-repeatable levels by time:
     D:1: 1303 daAuts
     D:3: 1194 daAuts
     D:2: 800 daAuts
     D:4: 554 daAuts
     D:5: 186 daAuts
  Temple: 128 daAuts
